 Dungeon Crawl Stone Soup version 0.30-a0-715-gdb4ae3ece1 (webtiles) character file.

Game seed: 15870012294601184287

295 Alitron123 the Cudgeller (level 6, -1/39 HPs)
             Began as a Gargoyle Berserker on Jan 23, 2023.
             Was a Believer of Trog.
             Slain by an ogre
             ... wielding a +0 giant spiked club
              (24 damage)
             ... on level 4 of the Dungeon.
             The game lasted 00:04:42 (2459 turns).

Alitron123 the Cudgeller (Gargoyle Berserker)       Turns: 2459, Time: 00:04:42

Health: -1/39      AC: 22    Str: 23    XL:     6   Next: 34%
Magic:  6/6        EV:  8    Int:  7    God:    Trog [**....]
Gold:   125        SH:  0    Dex:  9    Spells: 5/5 levels left

rFire   . . .      SeeInvis +    c - +0 mace (protect)
rCold   . . .      Faith    .    (no shield)
rNeg    + . .      Spirit   .    o - +1 chain mail
rPois   ∞          Reflect  .    (no helmet)
rElec   +          Harm     .    (no cloak)
rCorr   .          Rampage  .    (no gloves)
Will    .....                    p - +0 pair of boots Stlth
                                 (no amulet)
HPRegen 0.26/turn                l - ring of see invisible
MPRegen 0.10/turn                (no ring)

@: marked, under a protective aura
A: sickness immunity, AC +4, negative energy resistance 1, electricity
resistance, torment resistance 1, petrification resistance
a: Renounce Religion, Berserk, Trog's Hand


You were on level 4 of the Dungeon.
You worshipped Trog.
Trog was pleased with you.
You visited 1 branch of the dungeon, and saw 4 of its levels.
You also visited: Ossuary.

You collected 125 gold pieces.

Inventory:

Hand Weapons
 c - a +0 mace of protection (weapon)
Armour
 o - a +1 chain mail (worn)
 p - a +0 pair of boots (worn)
Jewellery
 l - a ring of see invisible (left hand)
Scrolls
 b - a scroll of identify
 g - 4 scrolls of noise
 k - a scroll of teleportation {unknown}
 r - a scroll of fear {unknown}
 t - 2 scrolls of acquirement {unknown}
Potions
 a - 2 potions of flight {unknown}
 d - 2 potions of magic {unknown}
 e - 2 potions of brilliance {unknown}
 f - 2 potions of heal wounds {unknown}
 h - 2 potions of lignification {unknown}
 i - 4 potions of mutation
 j - a potion of ambrosia {unknown}
 m - 3 potions of curing {unknown}
 n - 12 potions of degeneration
 q - a potion of cancellation {unknown}
 s - 2 potions of berserk rage {unknown}
 u - a potion of haste {unknown}


   Skills:
 + Level 4.7 Fighting
 + Level 5.2 Maces & Flails
 + Level 3.0 Armour
 + Level 2.3 Dodging
 + Level 1.0 Stealth


You had 5 spell levels left.
You didn't know any spells.
Your spell library was empty.

Dungeon Overview and Level Annotations

Branches:
Dungeon (4/15)            Ossuary (visited)
 Temple: D:4-7

Altars:

Shops:
D:1 !


Innate Abilities, Weirdness & Mutations

You are immune to sickness and miasma.
Your stone body is resilient. (AC +4)
You are immune to poison.
You resist negative energy. (rN+)
You are resistant to electric shocks. (rElec)
You are resistant to unholy torment.
You are immune to petrification.


Message History

Done exploring.
Done exploring.
Really walk onto that alarm trap?
You set off the alarm!
The alarm trap emits a blaring wail!
The mark upon you grows brighter.
Done exploring.
Done exploring.
There is an open door here.
There is an open door here.
There is an empty arch of ancient stone here.
There is a gate leading back out of this place here.
Welcome back to the Dungeon!
There is a collapsed entrance here.
An ogre comes into view. It is wielding a +0 giant spiked club.
The ogre shouts!
You hear a shout! x3; You hear an angry hiss.
An ogre is nearby!
An ogre is nearby!
An ogre is nearby!
Found a leather armour.
An orc comes into view. It is wielding a +1 heavy flail.
A ball python comes into view.
An orc comes into view. It is wielding a +0 falchion.
The ogre barely misses you.
You hit the ogre.
Your weapon exudes an aura of protection.
The ogre is lightly wounded.
An orc wizard comes into view. It is wielding a +0 dagger.
You hit the ogre but do no damage.
The ogre is lightly wounded.
The ogre hits you but does no damage.
You hit the ogre.
The ogre is moderately wounded.
An orc comes into view. It is wielding a +0 dagger.
The ogre hits you with a +0 giant spiked club!
You hit the ogre but do no damage.
The ogre is moderately wounded.
The ogre hits you with a +0 giant spiked club!!
Ouch! That really hurt!
You die...

#......:..#
..#...
#.8...8##.##.
...# #......#
... ...
#...8..# #[..
##...#####o.o.
#.....##....#
#..>....So.#
#......o..## #
###...@..## ##
###.O.## ###.
###... ###...
.)... ##...##
..#### ##....#
.## #..#..# ##
#######


You could see an ogre, an orc wizard, 3 orcs and a ball python.

Vanquished Creatures
  2 human zombies (Ossuary)
  An iguana (D:4)
  Natasha (thrice) (D:2)
  4 mummies (Ossuary)
  4 adders
  2 dart slugs
  4 endoplasms
  3 giant cockroaches
  A gnoll zombie (Ossuary)
  2 goblins
  3 hobgoblins
  5 kobolds
  A quokka (D:3)
  6 ball pythons
  2 bats
  4 frilled lizards
  A hobgoblin zombie (Ossuary)
  A kobold zombie (Ossuary)
  3 orc zombies (Ossuary)
  A rat (D:2)
53 creatures vanquished.

Notes
Turn   | Place    | Note
-------+----------+-------------------------------------------
     0 | D:1      | Alitron123 the Gargoyle Berserker began the quest for the
                  | Orb.
     0 | D:1      | Reached XP level 1. HP: 14/14 MP: 1/1
   299 | D:1      | Found Ipakheuv's Distillery.
   376 | D:2      | Reached XP level 2. HP: 18/19 MP: 2/2
   455 | D:2      | Found a faded altar of an unknown god.
   562 | D:2      | Noticed Natasha
   572 | D:2      | Noticed a crimson imp
   578 | D:2      | Noticed a crimson imp
   579 | D:2      | Noticed a crimson imp
   581 | D:2      | Killed Natasha
   582 | D:2      | Reached XP level 3. HP: 11/24 MP: 3/3
   667 | D:2      | Noticed Natasha
   675 | D:2      | Killed Natasha
   676 | D:2      | Reached XP level 4. HP: 17/29 MP: 4/4
   751 | D:2      | Noticed Natasha
   760 | D:2      | Killed Natasha
   761 | D:2      | Reached skill level 4 in Maces & Flails
  1221 | D:3      | Reached XP level 5. HP: 31/33 MP: 5/5
  2030 | D:4      | Found a sand-covered staircase.
  2037 | Ossuary  | Entered an ossuary
  2075 | Ossuary  | Reached ** piety under Trog
  2076 | Ossuary  | Reached skill level 1 in Stealth
  2134 | Ossuary  | Reached XP level 6. HP: 19/39 MP: 6/6
  2276 | Ossuary  | Reached skill level 5 in Maces & Flails
  2459 | D:4      | Slain by an ogre

Illustrated notes

Levels and vault maps discovered:
D:1:      dreamdust_arrival_sigmund_warning, layout_basic, serial_shops,
          nicolae_square_shop
D:2:      layout_rooms, shapermc_ecumenical_altar_notcrosses, uniq_natasha
D:3:      layout_basic, kennysheep_nondescript, minmay_diced_spiral
D:4:      minmay_angry_zag, layout_layer_cave, temple_green,
          nicolae_ossuary_entry_monument, corexii_corridor_pit,
          serial_bayou_ford_a, supply_closet_lemuel

Skill      XL: |  1  2  3  4  5  6 |
---------------+-------------------+-----
Dodging        | 2 |  2.3
Fighting       | 4 |  4.7
Maces & Flails | 4 5 |  5.2
Stealth        | 1 |  1.0
Armour         | 3 |  3.0

Action                     |  1- 3 |  4- 6 || total
---------------------------+-------+-------++-------
  Melee: Mace              |    58 |   176 ||   234
 Invoke: Berserk           |     2 |     2 ||     4
    Use: Scroll            |       |     4 ||     4
 Armour: Animal skin       |    17 |       ||    17
         Chain mail        |       |    94 ||    94
  Dodge: Dodged            |    38 |    72 ||   110

Table legend: (Time is in decaauts)
 A = Elapsed time spent in this place.
 B = Non-inter-level travel time spent in this place.
 C = Inter-level travel time spent in this place.
 D = Time resting spent in this place.
 E = Time spent auto-exploring this place.
 F = Levels seen in this place.
 G = Mean time per level.
                   A        B        C        D        E       F      G
               +--------+--------+--------+--------+--------+-----+--------+
         Total |   2543 |   2443 |    100 |      0 |   1856 |   5 |  508.6 |
       Dungeon |   2108 |   2008 |    100 |      0 |   1612 |   4 |  527.0 |
       Ossuary |    434 |    434 |      0 |      0 |    243 |   1 |  434.0 |
               +--------+--------+--------+--------+--------+-----+--------+

Top non-repeatable levels by time:
     D:2: 722 daAuts
     D:3: 616 daAuts
 Ossuary: 434 daAuts
     D:4: 429 daAuts
     D:1: 339 daAuts
